 Dungeon Crawl Stone Soup version 0.32-a0-953-g508020473e (webtiles) character file.

Game seed: 6545099839198867190

5152 jasper the Thaumaturge (level 10, -7/76 HPs)
             Began as a Djinni Fire Elementalist on Apr 16, 2024.
             Was a Believer of Makhleb.
             Mangled by a wraith (10 damage)
             ... led by Josephine
             ... on level 10 of the Dungeon.
             The game lasted 00:14:42 (5634 turns).

jasper the Thaumaturge (Djinni Fire Elementalist)   Turns: 5634, Time: 00:14:42

Health: -7/76      AC:  6    Str: 13    XL:     10   Next: 89%
Gold:   1155       EV: 10    Int: 22    God:    Makhleb [**....] SH:  5 Dex: 13

rFire   + + +        r - staff of fire
rCold   . . .        b - +0 buckler
rNeg    . . .        l - +1 leather armour {rC+}
rPois   ∞            (no helmet)
rElec   .            o - +0 cloak
rCorr   .            G - +0 pair of gloves
SInv    .            (boots unavailable)
Will    +....        m - amulet of regeneration
Stlth   ++           c - +6 ring of strength
HPRegen 1.12/turn    (no ring)

%: infuse magic (-8 HP)
@: flying, slowed, very slow
A: sickness immunity, fire resistance 2, cold vulnerability 1, float, innate
caster, HP casting, extra vitality 1
a: Renounce Religion, Minor Destruction


You were on level 10 of the Dungeon.
You worshipped Makhleb.
Makhleb was pleased with you.
You visited 2 branches of the dungeon, and saw 10 of its levels.

You collected 1188 gold pieces.
You spent 33 gold pieces at shops.

Inventory:

Hand Weapons
 g - a +0 dagger
 j - a +2 falchion of flaming
 k - a +1 scythe of freezing
Missiles
 t - 10 boomerangs
 x - 2 curare-tipped darts
Armour
 a - a +0 robe
 b - a +0 buckler (worn)
 l - a +1 leather armour of cold resistance (worn)
 o - a +0 cloak (worn)
 C - the +0 robe "Gogiops" {rC- rN+ Int+7 Archmagi}
   (You found it on level 7 of the Dungeon)

   Int+7:     It affects your intelligence (+7).
   rC-:       It makes you vulnerable to cold.
   rN+:       It protects you from negative energy.
   Archmagi:  It increases the power of your magical spells.
 G - a +0 pair of gloves (worn)
Magical Staves
 h - a staff of death
 r - a staff of fire (weapon)
Jewellery
 c - a +6 ring of strength (left hand)
 m - an amulet of regeneration (around neck)
Wands
 A - a wand of charming (5)
 E - a wand of polymorph (6)
Scrolls
 e - 2 scrolls of enchant weapon
 i - 2 scrolls of fog
 y - a scroll of silence
 B - a scroll of teleportation
Potions
 d - 2 potions of resistance
 f - a potion of attraction
 n - a potion of might {unknown}
 p - 2 potions of heal wounds {unknown}
 q - a potion of mutation {unknown}
 s - a potion of magic {unknown}
 u - a potion of ambrosia {unknown}
 v - a potion of curing {unknown}
 w - 3 potions of degeneration {unknown}
 z - a potion of cancellation {unknown}
 D - 3 potions of brilliance {unknown}
 F - 3 potions of haste {unknown}


   Skills:
 + Level 8.2 Fighting
 - Level 2.1 Dodging
 - Level 1.5 Stealth
 - Level 5.0 Shields
 * Level 9.9 Spellcasting
 * Level 9.9 Conjurations
 * Level 9.9 Hexes
   Level 0.0 Charms
 * Level 9.9 Summonings
 * Level 9.9 Necromancy
 * Level 9.9 Translocations
   Level 0.0 Transmutations
 * Level 9.9 Fire Magic
 * Level 9.9 Ice Magic
 * Level 9.9 Air Magic
 * Level 9.9 Earth Magic
 * Level 9.9 Alchemy


You knew the following spells:

 Your Spells              Type           Power      Damage    Failure   Level
a - Foxfire               Conj/Fire      100%       2x1d9     1%          1
b - Scorch                Fire           100%       2d9       1%          2
c - Volatile Blastmotes   Fire/Tloc      100%       2d18      1%          3
d - Inner Flame           Hex/Fire       69%        N/A       1%          3
e - Flame Wave            Conj/Fire      69%        2d16      1%          4
f - Summon Small Mammal   Summ           100%       N/A       1%          1
g - Ensorcelled Hibernat  Hex/Ice        100%       N/A       1%          2
h - Call Canine Familiar  Summ           53%        N/A       1%          3
i - Sigil of Binding      Hex            53%        N/A       1%          3
Your spell library was empty.

Dungeon Overview and Level Annotations

Branches:
Dungeon (10/15)            Temple (1/1) D:7
   Lair: D:8-11         Orc: D:9-12

Altars:
Ashenzari
Cheibriados
Dithmenos
Elyvilon
Fedhas
Gozag
Hepliaklqana
Makhleb
Nemelex Xobeh
Okawaru
Qazlal
Ru
Trog
Uskayaw
Wu Jian
Xom
Yredelemnul
Zin
The Shining One

Shops:
D:4 (


Innate Abilities, Weirdness & Mutations

You are immune to sickness and miasma.
You are immune to poison.
Your flesh is very heat resistant. (rF++)
You are vulnerable to cold. (rC-)
You float through the air rather than walking.
You learn spells naturally, not from books.
Your magical power is your life essence.
You have superior vitality. (+4 MHP)


Message History

* * * LOW HITPOINT WARNING * * *
The ghostly fireball engulfs the wraith.
The wraith completely resists.
The ghostly fireball engulfs Josephine.
Josephine completely resists.
You take 24 damage, and have 14/73 hp.
MASSIVE DAMAGE!!
A wave of flame ripples out!
The flame wave engulfs the wraith!
You destroy the wraith!
Makhleb accepts your kill.
The flame wave engulfs Josephine!
Josephine is severely wounded.
* * * LOW HITPOINT WARNING * * *
Josephine hits you with a +0 dagger.
* * * LOW HITPOINT WARNING * * *
You take 5 damage, and have 9/75 hp.
A wave of flame ripples out!
The flame wave engulfs Josephine!!
You kill Josephine!
Makhleb accepts your kill.
The flame wave engulfs the wraith!
The wraith is heavily damaged.
* * * LOW HITPOINT WARNING * * *
You finish channelling waves of flame.
Your life force feels restored.
Your Fighting skill increases to level 8!
Okay, then.
Aiming: Charm
Press: ? - help, Shift-Dir - straight line, f - wraith
Aim: a wraith (moderately damaged, chance to affect: 17%)
The wraith resists with almost no effort.
You regained 2 hp, and now have 11/76 hp.
You closely miss the wraith.
The wraith is moderately damaged.
The wraith hits you!
* * * LOW HITPOINT WARNING * * *
The wraith drains your vigour!
You feel yourself slow down.
You take 10 damage, and have 1/76 hp.
Okay, then.
As you read the scroll labelled ORCHIQ POEROSS, it crumbles to dust.
You feel a surge of unholy energy.
It was a scroll of torment.
The wraith hits you!
You die...

#..<..### ...
#....## ...#
##....##
...#####......###
......##........##
#.......####...#
##......# #..##
##......## ##..#
#..@.#...# #..#
#.W)###..# #..#
#..## #### #..#
#... ##.## #..#
#..## #... ##...#
#.... #..### ...##
#.## #.#


You could see a wraith.

Vanquished Creatures
  Josephine (D:10)
  A two-headed ogre (D:9)
  Sigmund (D:2)
  3 wraiths (D:10)
  2 wyverns
  4 yaks (D:8)
  An acid dragon (D:10)
  An orc warrior (D:9)
  A sky beast (D:8)
  A black bear (D:4)
  2 centaurs
  A kobold brigand (D:9)
  2 scorpions
  8 wights
  6 killer bees
  7 howler monkeys
  2 jellies
  Crazy Yiuf (D:2)
  4 orc priests
  A gnoll bouda (D:10)
  An iguana (D:4)
  6 orc wizards
  3 gnolls (D:10)
  6 adders
  A white imp (D:7)
  2 dart slugs (D:3)
  2 ribbon worms
  28 orcs
  7 ball pythons
  6 endoplasms
  3 giant cockroaches
  8 hobgoblins
  7 jackals
  13 kobolds
  A quokka (D:2)
  6 bats
  A frilled lizard (D:1)
  7 goblins
  7 rats
165 creatures vanquished.

Vanquished Creatures (collateral kills)
  A yak (D:8)
  An orc wizard (D:3)
  3 orcs (D:3)
  A foxfire (D:1)
6 creatures vanquished.

Vanquished Creatures (others)
  395 foxfires
395 creatures vanquished.

Grand Total: 566 creatures vanquished

Notes
Turn   | Place    | Note
-------+----------+-------------------------------------------
     0 | D:1      | jasper the Djinni Fire Elementalist began the quest for the
                  | Orb.
     0 | D:1      | jasper set off with the following spells memorised:
                  | Foxfire, Scorch, Volatile Blastmotes, Inner Flame, Flame
                  | Wave.
     0 | D:1      | Reached XP level 1. HP: 15/15 MP: 0/0
   155 | D:1      | Reached XP level 2. HP: 20/22 MP: 0/0
   361 | D:1      | Reached XP level 3. HP: 26/26 MP: 0/0
   361 | D:1      | Learned a level 1 spell: Summon Small Mammal
   366 | D:1      | Found a faded altar of an unknown god.
   376 | D:1      | Reached skill level 1 in Fighting
   376 | D:1      | Reached skill level 1 in Shields
   916 | D:2      | Reached XP level 4. HP: 24/32 MP: 0/0
  1170 | D:2      | Noticed Sigmund
  1191 | D:2      | Killed Sigmund
  1192 | D:2      | Reached XP level 5. HP: 25/39 MP: 0/0
  1192 | D:2      | Learned a level 2 spell: Ensorcelled Hibernation
  1192 | D:2      | Reached XP level 6. HP: 29/45 MP: 0/0
  1663 | D:2      | Found a runed translucent door.
  1664 | D:2      | Noticed Crazy Yiuf
  1669 | D:2      | Killed Crazy Yiuf
  1876 | D:3      | Found a basalt altar of Yredelemnul.
  1877 | D:3      | Found a bloodstained altar of Trog.
  2002 | D:3      | Found a shadowy altar of Dithmenos.
  2020 | D:3      | Reached XP level 7. HP: 50/50 MP: 0/0
  2020 | D:3      | Learned a level 3 spell: Call Canine Familiar
  2154 | D:3      | Found an opulent altar of Gozag.
  2466 | D:4      | Reached skill level 5 in Spellcasting
  2466 | D:4      | Reached skill level 5 in Conjurations
  2466 | D:4      | Reached skill level 5 in Hexes
  2466 | D:4      | Reached skill level 5 in Summonings
  2466 | D:4      | Reached skill level 5 in Necromancy
  2466 | D:4      | Reached skill level 5 in Translocations
  2466 | D:4      | Reached skill level 5 in Fire Magic
  2466 | D:4      | Reached skill level 5 in Ice Magic
  2466 | D:4      | Reached skill level 5 in Air Magic
  2466 | D:4      | Reached skill level 5 in Earth Magic
  2466 | D:4      | Reached skill level 5 in Alchemy
  2919 | D:4      | Found Kafrit's Weapon Boutique.
  2938 | D:4      | Bought 2 curare-tipped darts for 33 gold pieces
  2960 | D:4      | Reached XP level 8. HP: 31/58 MP: 0/0
  3398 | D:5      | Entered Level 5 of the Dungeon
  3415 | D:5      | You are sucked into a shaft and drop 3 floors!
  3543 | D:7      | Found a staircase to the Ecumenical Temple.
  3559 | Temple   | Entered the Ecumenical Temple
  3567 | Temple   | Became a worshipper of Makhleb the Destroyer
  3954 | D:7      | Identified the +0 robe "Gogiops" {rC- rN+ Int+7 Archmagi}
  4237 | D:8      | Reached skill level 5 in Fighting
  4237 | D:8      | Reached skill level 5 in Shields
  4251 | D:8      | Noticed a yak
  4251 | D:8      | Noticed a yak
  4251 | D:8      | Noticed a yak
  4252 | D:8      | Noticed a yak
  4252 | D:8      | Noticed a yak
  4260 | D:8      | Killed a yak
  4261 | D:8      | Reached XP level 9. HP: 54/65 MP: 0/0
  4261 | D:8      | Learned a level 3 spell: Sigil of Binding
  4429 | D:8      | Reached * piety under Makhleb
  4683 | D:8      | Identified a scroll of acquirement
  4683 | D:8      | Acquired 761 gold pieces
  4825 | D:9      | Reached XP level 10. HP: 71/73 MP: 0/0
  5072 | D:9      | Noticed a two-headed ogre
  5080 | D:9      | Killed a two-headed ogre
  5480 | D:10     | Entered Level 10 of the Dungeon
  5530 | D:10     | Reached ** piety under Makhleb
  5620 | D:10     | Noticed Josephine
  5631 | D:10     | Killed Josephine
  5633 | D:10     | HP: 1/76 [wraith[Josephine] (11)]
  5634 | D:10     | Mangled by a wraith

Illustrated notes

Levels and vault maps discovered:
D:1:      matt_arrival_refuge, layout_basic, dreamdust_ecumenical_altar_statues,
          dreamdust_mushroom_princess, minmay_hexomino_f4
D:2:      cheibrodos_pilgrimage, layout_loops_ring, uniq_crazy_yiuf_cottage,
          uniq_sigmund
D:3:      layout_basic, grunt_dithmenos_smoke_and_mirrors,
          grunt_gozag_breadcrumbs, grunt_temple_overflow_open,
          minmay_misc_feat_five, serial_bayou_crossing
D:4:      layout_basic, serial_shops, nicolae_shop_peninsula,
          eino_small_chamber_without_monster
D:5:      due_chaos_kobolds, layout_rooms, portal_sewer_entry_c, uniq_ijyb
D:7:      layout_loops_ring, minmay_temple_entry_grid
D:8:      layout_rooms
D:9:      layout_irregular_city, hangedman_abyss_or_decor_stabs,
          minmay_misc_feat_plants
D:10:     layout_layer_cave, dpeg_lair_monsters, minmay_misc_feat_diagonals,
          uniq_josephine
Temple:   nicolae_temple_two_arcs

Skill      XL: |  1  2  3  4  5  6  7  8  9 10 |
---------------+-------------------------------+-----
Fighting       | 1 2 3 5 6 8 |  8.2
Shields        | 1 2 3 5 |  5.0
Spellcasting   | 4 5 6 8 9 |  9.9
Conjurations   | 4 5 6 8 9 |  9.9
Hexes          | 4 5 6 8 9 |  9.9
Summonings     | 4 5 6 8 9 |  9.9
Necromancy     | 4 5 6 8 9 |  9.9
Translocations | 4 5 6 8 9 |  9.9
Fire Magic     | 4 5 6 8 9 |  9.9
Ice Magic      | 4 5 6 8 9 |  9.9
Air Magic      | 4 5 6 8 9 |  9.9
Earth Magic    | 4 5 6 8 9 |  9.9
Alchemy        | 4 5 6 8 9 |  9.9
Dodging        | |  2.1
Stealth        | |  1.5

Action                     |  1- 3 |  4- 6 |  7- 9 | 10-12 || total
---------------------------+-------+-------+-------+-------++-------
  Melee: Unarmed           |     5 |       |       |       ||     5
         Falchion          |       |     1 |       |       ||     1
         Staff             |       |       |    33 |     1 ||    34
   Cast: Foxfire           |    43 |    34 |   107 |    62 ||   246
         Scorch            |     3 |     4 |    50 |     6 ||    63
         Volatile Blastmot |       |     5 |     2 |     3 ||    10
         Call Canine Famil |       |       |     7 |       ||     7
         Flame Wave        |       |       |     4 |     3 ||     7
         Ensorcelled Hiber |       |       |     1 |       ||     1
         Sigil of Binding  |       |       |     1 |       ||     1
  Evoke: Wand              |       |       |       |     1 ||     1
    Use: Scroll            |     4 |     3 |     7 |     2 ||    16
   Stab: Sleeping          |       |       |     1 |       ||     1
 Armour: Robe              |     8 |     4 |    31 |       ||    43
         Leather armour    |       |       |    20 |    20 ||    40
  Dodge: Dodged            |     7 |     1 |    35 |     9 ||    52
  Block: Buckler           |     5 |       |    20 |     5 ||    30

Table legend: (Time is in decaauts)
 A = Elapsed time spent in this place.
 B = Non-inter-level travel time spent in this place.
 C = Inter-level travel time spent in this place.
 D = Time resting spent in this place.
 E = Time spent auto-exploring this place.
 F = Levels seen in this place.
 G = Mean time per level.
                   A        B        C        D        E       F      G
               +--------+--------+--------+--------+--------+-----+--------+
         Total |   5639 |   5318 |    321 |    238 |   3937 |  10 |  563.9 |
       Dungeon |   5622 |   5308 |    314 |    238 |   3937 |   9 |  624.7 |
        Temple |     16 |      9 |      7 |      0 |      0 |   1 |   16.0 |
               +--------+--------+--------+--------+--------+-----+--------+

Top non-repeatable levels by time:
     D:2: 1048 daAuts
     D:4: 951 daAuts
     D:1: 827 daAuts
     D:7: 750 daAuts
     D:9: 676 daAuts
     D:8: 621 daAuts
     D:3: 576 daAuts
    D:10: 153 daAuts
  Temple: 16 daAuts
     D:5: 16 daAuts
